Workbook
Name Cash_beginning: 'Cash Flow'!$C$7
Name Cash_minimum: 'Cash Flow'!$C$4
Name Company_name: 'Cash Flow'!$B$2
Name Start_date: 'Cash Flow'!$C$3

Sheet Financial Summary
C2: Income, balance sheet and cash flow
C3: Historical portfolio analysis; original dates, assumptions and units retained
C4: Author: Eshan Mukherjee
D6: ='Cash Flow'!D6 -> Jan-18 | E6: ='Cash Flow'!E6 -> Feb-18 | F6: ='Cash Flow'!F6 -> Mar-18 | G6: ='Cash Flow'!G6 -> Apr-18 | H6: ='Cash Flow'!H6 -> May-18 | I6: ='Cash Flow'!I6 -> Jun-18
C8: Monthly liquidity schedule
C9: Opening cash | D9: ='Cash Flow'!D7 -> 0 | E9: ='Cash Flow'!E7 -> 0 | F9: ='Cash Flow'!F7 -> 0 | G9: ='Cash Flow'!G7 -> 0 | H9: ='Cash Flow'!H7 -> 0 | I9: ='Cash Flow'!I7 -> 0
C10: Cash receipts | D10: ='Cash Flow'!D16 -> 0 | E10: ='Cash Flow'!E16 -> 0 | F10: ='Cash Flow'!F16 -> 0 | G10: ='Cash Flow'!G16 -> 0 | H10: ='Cash Flow'!H16 -> 0 | I10: ='Cash Flow'!I16 -> 0
C11: Cash paid out | D11: ='Cash Flow'!D52 -> 0 | E11: ='Cash Flow'!E52 -> 0 | F11: ='Cash Flow'!F52 -> 0 | G11: ='Cash Flow'!G52 -> 0 | H11: ='Cash Flow'!H52 -> 0 | I11: ='Cash Flow'!I52 -> 0
C12: Net cash movement | D12: =D10-D11 -> 0 | E12: =E10-E11 -> 0 | F12: =F10-F11 -> 0 | G12: =G10-G11 -> 0 | H12: =H10-H11 -> 0 | I12: =I10-I11 -> 0
C13: Closing cash | D13: ='Cash Flow'!D53 -> 0 | E13: ='Cash Flow'!E53 -> 0 | F13: ='Cash Flow'!F53 -> 0 | G13: ='Cash Flow'!G53 -> 0 | H13: ='Cash Flow'!H53 -> 0 | I13: ='Cash Flow'!I53 -> 0
C14: Cash schedule difference | D14: =D9+D12-D13 -> 0 | E14: =E9+E12-E13 -> 0 | F14: =F9+F12-F13 -> 0 | G14: =G9+G12-G13 -> 0 | H14: =H9+H12-H13 -> 0 | I14: =I9+I12-I13 -> 0
C20: The original cash projection has unpopulated receipt and payment inputs. Its zero balances remain an educational template, not an operating forecast.

Sheet Recipes

Sheet Cash Flow
B1: Small Business Cash Flow Projection
B2: Company Name
B3: Starting date | C3: =TODAY() -> 46302
B4: Cash balance alert minimum | D4: =Cash_minimum -> 0 | E4: =Cash_minimum -> 0 | F4: =Cash_minimum -> 0 | G4: =Cash_minimum -> 0 | H4: =Cash_minimum -> 0 | I4: =Cash_minimum -> 0 | J4: =Cash_minimum -> 0 | K4: =Cash_minimum -> 0 | ... O4: =Cash_minimum -> 0
C6: Beginning | D6: Jan-18 | E6: Feb-18 | F6: Mar-18 | G6: Apr-18 | H6: May-18 | I6: Jun-18 | J6: Jul-18 | K6: Aug-18 | L6: Sep-18 | M6: Oct-18 | N6: Nov-18 | O6: Dec-18 | P6: Total
B7: Cash on hand (beginning of month) | D7: =C53 -> 0 | E7: =D53 -> 0 | F7: =E53 -> 0 | G7: =F53 -> 0 | H7: =G53 -> 0 | I7: =H53 -> 0 | J7: =I53 -> 0 | K7: =J53 -> 0 | ... O7: =N53 -> 0
B9: CASH RECEIPTS | D9: Jan-18 | E9: Feb-18 | F9: Mar-18 | G9: Apr-18 | H9: May-18 | I9: Jun-18 | J9: Jul-18 | K9: Aug-18 | L9: Sep-18 | M9: Oct-18 | N9: Nov-18 | O9: Dec-18 | P9: Total
P10: =SUM(D10:O10) -> 0
P11: =SUM(D11:O11) -> 0
P12: =SUM(D12:O12) -> 0
P13: =SUM(D13:O13) -> 0
P14: =SUM(D14:O14) -> 0
P15: =SUM(D15:O15) -> 0
B16: TOTAL CASH RECEIPTS | D16: =SUM(D10,D12:D15,(D11*-1)) -> 0 | E16: =SUM(E10,E12:E15,(E11*-1)) -> 0 | F16: =SUM(F10,F12:F15,(F11*-1)) -> 0 | G16: =SUM(G10,G12:G15,(G11*-1)) -> 0 | H16: =SUM(H10,H12:H15,(H11*-1)) -> 0 | I16: =SUM(I10,I12:I15,(I11*-1)) -> 0 | J16: =SUM(J10,J12:J15,(J11*-1)) -> 0 | K16: =SUM(K10,K12:K15,(K11*-1)) -> 0 | ... O16: =SUM(O10,O12:O15,(O11*-1)) -> 0 | P16: =SUBTOTAL(109,CashReceipts[Total]) -> 0
B17: Total cash available | C17: =(C7+CashReceipts[[#Totals],[ ]]) -> 0 | D17: =(D7+CashReceipts[[#Totals],[Jan-18]]) -> 0 | E17: =(E7+CashReceipts[[#Totals],[Feb-18]]) -> 0 | F17: =(F7+CashReceipts[[#Totals],[Mar-18]]) -> 0 | G17: =(G7+CashReceipts[[#Totals],[Apr-18]]) -> 0 | H17: =(H7+CashReceipts[[#Totals],[May-18]]) -> 0 | I17: =(I7+CashReceipts[[#Totals],[Jun-18]]) -> 0 | J17: =(J7+CashReceipts[[#Totals],[Jul-18]]) -> 0 | K17: =(K7+CashReceipts[[#Totals],[Aug-18]]) -> 0 | L17: =(L7+CashReceipts[[#Totals],[Sep-18]]) -> 0 | M17: =(M7+CashReceipts[[#Totals],[Oct-18]]) -> 0 | N17: =(N7+CashReceipts[[#Totals],[Nov-18]]) -> 0 | O17: =(O7+CashReceipts[[#Totals],[Dec-18]]) -> 0
B19: CASH PAID OUT | D19: Jan-18 | E19: Feb-18 | F19: Mar-18 | G19: Apr-18 | H19: May-18 | I19: Jun-18 | J19: Jul-18 | K19: Aug-18 | L19: Sep-18 | M19: Oct-18 | N19: Nov-18 | O19: Dec-18 | P19: Total
P20: =SUM(D20:O20) -> 0
P21: =SUM(D21:O21) -> 0
P22: =SUM(D22:O22) -> 0
P23: =SUM(D23:O23) -> 0
P24: =SUM(D24:O24) -> 0
P25: =SUM(D25:O25) -> 0
P26: =SUM(D26:O26) -> 0
P27: =SUM(D27:O27) -> 0
P28: =SUM(D28:O28) -> 0
P29: =SUM(D29:O29) -> 0
P30: =SUM(D30:O30) -> 0
P31: =SUM(D31:O31) -> 0
... P44: =SUM(D44:O44) -> 0
B45: SUBTOTAL | D45: =SUBTOTAL(109,Expenses[Jan-18]) -> 0 | E45: =SUBTOTAL(109,Expenses[Feb-18]) -> 0 | F45: =SUBTOTAL(109,Expenses[Mar-18]) -> 0 | G45: =SUBTOTAL(109,Expenses[Apr-18]) -> 0 | H45: =SUBTOTAL(109,Expenses[May-18]) -> 0 | I45: =SUBTOTAL(109,Expenses[Jun-18]) -> 0 | J45: =SUBTOTAL(109,Expenses[Jul-18]) -> 0 | K45: =SUBTOTAL(109,Expenses[Aug-18]) -> 0 | L45: =SUBTOTAL(109,Expenses[Sep-18]) -> 0 | M45: =SUBTOTAL(109,Expenses[Oct-18]) -> 0 | N45: =SUBTOTAL(109,Expenses[Nov-18]) -> 0 | O45: =SUBTOTAL(109,Expenses[Dec-18]) -> 0 | P45: =SUBTOTAL(109,Expenses[Total]) -> 0
B46: CASH PAID OUT | D46: Jan-18 | E46: Feb-18 | F46: Mar-18 | G46: Apr-18 | H46: May-18 | I46: Jun-18 | J46: Jul-18 | K46: Aug-18 | L46: Sep-18 | M46: Oct-18 | N46: Nov-18 | O46: Dec-18 | P46: Total
P47: =SUM(D47:O47) -> 0
P48: =SUM(D48:O48) -> 0
P49: =SUM(D49:O49) -> 0
P50: =SUM(D50:O50) -> 0
P51: =SUM(D51:O51) -> 0
B52: TOTAL CASH PAID OUT | D52: =Expenses[[#Totals],[Jan-18]]+SUBTOTAL(109,CashPaidOut[Jan-18]) -> 0 | E52: =Expenses[[#Totals],[Feb-18]]+SUBTOTAL(109,CashPaidOut[Feb-18]) -> 0 | F52: =Expenses[[#Totals],[Mar-18]]+SUBTOTAL(109,CashPaidOut[Mar-18]) -> 0 | G52: =Expenses[[#Totals],[Apr-18]]+SUBTOTAL(109,CashPaidOut[Apr-18]) -> 0 | H52: =Expenses[[#Totals],[May-18]]+SUBTOTAL(109,CashPaidOut[May-18]) -> 0 | I52: =Expenses[[#Totals],[Jun-18]]+SUBTOTAL(109,CashPaidOut[Jun-18]) -> 0 | J52: =Expenses[[#Totals],[Jul-18]]+SUBTOTAL(109,CashPaidOut[Jul-18]) -> 0 | K52: =Expenses[[#Totals],[Aug-18]]+SUBTOTAL(109,CashPaidOut[Aug-18]) -> 0 | L52: =Expenses[[#Totals],[Sep-18]]+SUBTOTAL(109,CashPaidOut[Sep-18]) -> 0 | M52: =Expenses[[#Totals],[Oct-18]]+SUBTOTAL(109,CashPaidOut[Oct-18]) -> 0 | N52: =Expenses[[#Totals],[Nov-18]]+SUBTOTAL(109,CashPaidOut[Nov-18]) -> 0 | O52: =Expenses[[#Totals],[Dec-18]]+SUBTOTAL(109,CashPaidOut[Dec-18]) -> 0 | P52: =SUM(D52:O52) -> 0
B53: Cash on hand (end of month) | C53: =C17 -> 0 | D53: =D17-CashPaidOut[[#Totals],[Jan-18]] -> 0 | E53: =E17-CashPaidOut[[#Totals],[Feb-18]] -> 0 | F53: =F17-CashPaidOut[[#Totals],[Mar-18]] -> 0 | G53: =G17-CashPaidOut[[#Totals],[Apr-18]] -> 0 | H53: =H17-CashPaidOut[[#Totals],[May-18]] -> 0 | I53: =I17-CashPaidOut[[#Totals],[Jun-18]] -> 0 | J53: =J17-CashPaidOut[[#Totals],[Jul-18]] -> 0 | K53: =K17-CashPaidOut[[#Totals],[Aug-18]] -> 0 | L53: =L17-CashPaidOut[[#Totals],[Sep-18]] -> 0 | M53: =M17-CashPaidOut[[#Totals],[Oct-18]] -> 0 | N53: =N17-CashPaidOut[[#Totals],[Nov-18]] -> 0 | O53: =O17-CashPaidOut[[#Totals],[Dec-18]] -> 0

Sheet CVP

Sheet GAAP Bal Sheet, Income Statmnt
